 Dungeon Crawl Stone Soup version 0.31-a0-1278-g11c5b68f87 (webtiles) character file.

Game seed: 7929237774552951503

26285 pokeman the Eclecticist (level 12, -6/66 HPs)
             Began as a Deep Elf Hedge Wizard on Dec 17, 2023.
             Was a High Priest of Vehumet.
             Mangled by a white ugly thing (16 damage)
             ... on level 14 of the Dungeon.
             The game lasted 00:54:12 (15889 turns).

pokeman the Eclecticist (Deep Elf Hedge Wizard)    Turns: 15889, Time: 00:54:12

Health: -6/66      AC: 14    Str:  7    XL:     12   Next: 97%
Magic:  24/35      EV: 11    Int: 31    God:    Vehumet [*****.]
Gold:   1920       SH: 12    Dex: 17    Spells: 24/45 levels left

rFire   . . .        S - +0 falchion of Qodomog {flame, Will+ Dex+3 SInv}
rCold   . . .        g - +2 buckler
rNeg    . . .        N - +0 acid dragon scales
rPois   +            p - +2 helmet
rElec   .            (no cloak)
rCorr   +            E - +2 pair of gloves {hurl}
SInv    +            Z - +0 pair of boots
Will    ++...        B - amulet of reflection
Stlth   ++           W - ring of poison resistance
HPRegen 0.31/turn    k - +6 ring of intelligence
MPRegen 0.24/turn

%: reflection
@: no status effects
A: no striking features
a: Renounce Religion


You were on level 14 of the Dungeon.
You worshipped Vehumet.
Vehumet was extremely pleased with you.
You visited 2 branches of the dungeon, and saw 15 of its levels.
You also visited: Sewer and Bailey.

You collected 2186 gold pieces.
You spent 266 gold pieces at shops.

Inventory:

Hand Weapons
 J - a +1 dagger of venom
 S - the +0 falchion of Qodomog (weapon) {flame, Will+ Dex+3 SInv}
   (You found it on level 9 of the Dungeon)

   Dex+3:     It affects your dexterity (+3).
   Will+:     It increases your willpower.
   SInv:      It lets you see invisible.
Missiles
 I - 2 curare-tipped darts
 U - a throwing net
Armour
 g - a +2 buckler (worn)
 p - a +2 helmet (worn)
 E - a +2 pair of gloves of hurling (worn)
 N - +0 acid dragon scales (worn)
 Z - a +0 pair of boots (worn)
Jewellery
 e - a ring of fire
 k - a +6 ring of intelligence (right hand)
 m - a ring of protection from fire
 B - an amulet of reflection (around neck)
 W - a ring of poison resistance (left hand)
Wands
 i - a wand of digging (5)
 w - a wand of mindburst (18)
 T - a wand of roots (14)
Scrolls
 c - 3 scrolls of teleportation
 f - a scroll of enchant weapon
 n - a scroll of fear
 H - 4 scrolls of revelation
Potions
 a - a potion of berserk rage
 b - a potion of mutation
 d - 3 potions of magic
 h - 5 potions of haste {unknown}
 j - 4 potions of might {unknown}
 l - 5 potions of curing {unknown}
 s - 3 potions of enlightenment {unknown}
 z - 2 potions of cancellation {unknown}
 A - 2 potions of attraction {unknown}
 F - 2 potions of degeneration {unknown}
 G - 2 potions of lignification {unknown}
 L - a potion of ambrosia {unknown}
 M - a potion of invisibility {unknown}
Miscellaneous
 R - a tin of tremorstones (2/2)


   Skills:
 - Level 4.1 Fighting
 - Level 4.1 Armour
 - Level 3.0 Dodging
 - Level 3.1 Stealth
 + Level 4.7 Shields
 * Level 17.4 Spellcasting
 + Level 10.4 Conjurations
 - Level 1.1 Summonings
 - Level 1.1 Translocations
 + Level 7.8 Fire Magic
 + Level 9.0 Air Magic
 - Level 1.3 Poison Magic
 - Level 1.1 Evocations


You had 24 spell levels left.
You knew the following spells:

 Your Spells              Type           Power      Damage    Failure   Level
a - Magic Dart            Conj           100%       1d8       1%          1
b - Mephitic Cloud        Conj/Pois/Air  63%        N/A       1%          3
c - Call Imp              Summ           66%        N/A       4%          2
d - Blink                 Tloc           66%        N/A       4%          2
e - Foxfire               Conj/Fire      100%       2x1d9     1%          1
f - Airstrike             Air            35%        2d(5-21)  1%          4
g - Flame Wave            Conj/Fire      70%        2d16      1%          4
h - Shock                 Conj/Air       100%       1d9       1%          1
i - Swiftness             Air            70%        N/A       1%          3

Your spell library contained the following spells:

 Spells                   Type           Power      Damage    Failure   Level
 Eringya's Noxious Bog    Tmut/Pois      15%        4d6       73%         6
 Freeze                   Ice            100%       1d10      1%          1
 Cigotuvi's Dreadful Rot  Necr/Pois/Air  96%        N/A       1%          2
 Momentum Strike          Conj/Tloc      100%       3d10      1%          2
 Hailstorm                Conj/Ice       56%        3d11      1%          3
 Frozen Ramparts          Ice            54%        1d9       3%          3
 Slow                     Hex            100%       N/A       4%          1
 Lesser Beckoning         Tloc           66%        N/A       4%          2
 Manifold Assault         Tloc           33%        N/A       26%         4


Dungeon Overview and Level Annotations

Branches:
Dungeon (14/15)            Temple (1/1) D:6            Lair (0/5) D:10
    Orc (0/2) D:12          Sewer (visited)          Bailey (visited)
 Vaults: D:13-14

Altars:
Ashenzari
Cheibriados
Dithmenos
Elyvilon
Fedhas
Gozag
Hepliaklqana
Kikubaaqudgha
Makhleb
Nemelex Xobeh
Okawaru
Qazlal
Ru
Sif Muna
Trog
Uskayaw
Vehumet
Wu Jian
Xom
Yredelemnul
Zin
The Shining One

Shops:
D:2 [   D:7 [   D:8 *   D:10 ?

Annotations:
D:3 2 runed translucent doors, Cadnt's ghost, amateur DsWn; Grinder
D:13 2 transporters, SecretSquirrel's ghost, journeyman TeBr


Message History

A centaur warrior comes into view.
The white ugly thing is engulfed in noxious fumes.
The white ugly thing appears confused.
The white ugly thing basks in the mutagenic energy from its kin and changes!
Your Air Magic skill increases to level 9!
Unknown command.
Unknown command.
A wave of flame ripples out!
The flame wave engulfs the white ugly thing!!
The white ugly thing is severely wounded.
The flame wave engulfs the white ugly thing!
The white ugly thing is severely wounded.
The flame wave engulfs the centaur warrior!
The centaur warrior is moderately wounded.
The flame wave engulfs the red ugly thing!
The red ugly thing resists.
The red ugly thing is lightly wounded.
The white ugly thing trunk-slaps you. The white ugly thing freezes you!!
Ouch! That really hurt!
Unknown command.
Unknown command.
A wave of flame ripples out!
The flame wave engulfs the white ugly thing.
The white ugly thing is severely wounded.
The flame wave engulfs the white ugly thing!!
You kill the white ugly thing!
Vehumet accepts your kill.
You feel your power returning.
The flame wave engulfs the centaur warrior!!
The centaur warrior is severely wounded.
The flame wave engulfs the red ugly thing.
The red ugly thing resists.
The red ugly thing is lightly wounded.
You finish channelling waves of flame.
The centaur warrior wields a +0 orcbow.
The centaur warrior shoots an arrow.
The arrow hits you!
* * * LOW HITPOINT WARNING * * *
The white ugly thing trunk-slaps you.
* * * LOW HITPOINT WARNING * * *
The white ugly thing freezes you!
You die...

... ..... . ..# ..... ..
.(# .... .. .. .. ...
...... ....
###.##.##u####....# ...#
#.....#...°..#....##...#
........u†............##
#@/.............#.
...#.................
....c.................
......................
.......................
.........##.........##.
.#######.............#
#....#.##<....#
#....#######...#


You could see 2 ugly things and a centaur warrior.

Vanquished Creatures
  Fannar (D:10)
  A hydra (D:13)
  2 rakshasas
  2 centaur warriors
  3 two-headed ogres
  A death knight (D:13)
  2 deep elf pyromancers
  2 orc knights (Bailey)
  2 cyclopes
  4 ugly things
  A manticore (D:9)
  The ghost of pokeman the Thaumaturge, a novice DEHW of Vehumet (D:7)
  4 unseen horrors
  3 trolls
  21 slime creatures
  5 wyverns
  2 shadows
  15 yaks
  A warg (D:12)
  3 vampires
  A steam dragon (D:6)
  3 vampire mosquitoes
  2 acid dragons
  A water moccasin (D:6)
  8 orc warriors
  3 black bears
  4 ice beasts
  A sky beast (shapeshifter) (D:8)
  3 sky beasts
  A crocodile (Sewer)
  3 wolves
  4 centaurs
  A phantom (D:5)
  2 kobold brigands
  A brain worm (Sewer)
  4 bullfrogs
  2 gnoll sergeants
  3 scorpions
  10 wights
  4 killer bees
  5 electric eels (D:10)
  8 howler monkeys
  9 hounds
  2 jellies
  5 orc priests
  A gnoll bouda (D:8)
  5 iguanas
  28 orc wizards
  20 gnolls
  5 adders
  2 river rats (D:4)
  2 white imps
  4 ufetubi
  2 worms
  3 dart slugs
  69 orcs
  6 ball pythons
  8 endoplasms
  5 giant cockroaches
  6 goblins
  4 hobgoblins
  2 jackals (D:3)
  11 kobolds
  2 quokkas
  8 bats (Sewer)
  5 frilled lizards
  6 rats
370 creatures vanquished.

Vanquished Creatures (collateral kills)
  A sleepcap (D:4)
1 creature vanquished.

Vanquished Creatures (others)
  A yak (D:10)
  An orc warrior (D:10)
  A centaur (D:10)
  An orc wizard (D:10)
  An orc (D:10)
  543 foxfires
548 creatures vanquished.

Grand Total: 919 creatures vanquished

Notes
Turn   | Place    | Note
-------+----------+-------------------------------------------
     0 | D:1      | pokeman the Deep Elf Hedge Wizard began the quest for the
                  | Orb.
     0 | D:1      | Reached XP level 1. HP: 10/10 MP: 7/7
   548 | D:1      | Reached XP level 2. HP: 16/16 MP: 2/9
   645 | D:1      | Found a faded altar of an unknown god.
   963 | D:2      | Found Refammea's Armour Shoppe.
  1242 | D:2      | Reached skill level 5 in Spellcasting
  1271 | D:1      | Reached XP level 3. HP: 7/20 MP: 0/11
  1275 | D:1      | Learned a level 3 spell: Mephitic Cloud
  1278 | D:1      | Learned a level 2 spell: Call Imp
  1281 | D:1      | Learned a level 2 spell: Blink
  1544 | D:2      | Reached skill level 1 in Armour
  1613 | D:2      | Reached skill level 1 in Fighting
  1923 | D:3      | Reached XP level 4. HP: 25/25 MP: 4/13
  2116 | D:3      | Found a large runed translucent door.
  2117 | D:3      | Found a large runed translucent door.
  2120 | D:3      | Noticed Cadnt's ghost (amateur DsWn)
  2195 | D:3      | Found a bloodstained altar of Trog.
  2254 | D:3      | Noticed Grinder
  2314 | D:3      | Paralysed by Grinder for 2 turns
  3097 | D:4      | Reached skill level 6 in Spellcasting
  3107 | D:4      | Found an ancient bone altar of Kikubaaqudgha.
  3205 | D:4      | Reached XP level 5. HP: 29/29 MP: 15/15
  3294 | D:4      | Reached skill level 1 in Shields
  3403 | D:4      | Found a glowing drain.
  3407 | Sewer    | Entered a sewer
  3476 | Sewer    | Reached XP level 6. HP: 23/34 MP: 9/17
  3543 | Sewer    | Reached skill level 1 in Air Magic
  3543 | Sewer    | Reached skill level 1 in Poison Magic
  3546 | Sewer    | Learned a level 1 spell: Shock
  3551 | Sewer    | Learned a level 4 spell: Airstrike
  3555 | Sewer    | Learned a level 3 spell: Swiftness
  3687 | D:4      | Reached skill level 7 in Spellcasting
  3821 | D:4      | Reached skill level 1 in Evocations
  3830 | D:4      | Reached XP level 7. HP: 35/38 MP: 19/19
  3953 | D:4      | Reached skill level 8 in Spellcasting
  4312 | D:5      | Entered Level 5 of the Dungeon
  4464 | D:5      | Reached XP level 8. HP: 24/44 MP: 8/22
  4570 | D:5      | Reached skill level 9 in Spellcasting
  4616 | D:5      | Found a blossoming altar of Fedhas.
  4617 | D:5      | Found an opulent altar of Gozag.
  4938 | D:5      | Found a stormy altar of Qazlal.
  4939 | D:5      | Found a radiant altar of Vehumet.
  5119 | D:6      | Reached skill level 5 in Conjurations
  5139 | D:6      | Reached skill level 10 in Spellcasting
  5331 | D:6      | Reached XP level 9. HP: 25/48 MP: 13/25
  5399 | D:6      | Found a staircase to the Ecumenical Temple.
  5407 | Temple   | Entered the Ecumenical Temple
  5463 | D:5      | Became a worshipper of Vehumet
  5829 | D:7      | You fall into a shaft and drop 2 floors!
  5852 | D:8      | Reached skill level 11 in Spellcasting
  5873 | D:7      | Found a runed translucent door.
  5873 | D:7      | Found Ezosm's Antique Armour Shoppe.
  5913 | D:7      | Noticed pokeman's ghost (novice DEHW)
  5930 | D:7      | Reached skill level 5 in Air Magic
  5982 | D:7      | Found a flagged portal.
  5989 | D:7      | Reached * piety under Vehumet
  5989 | D:7      | Offered knowledge of Foxfire by Vehumet.
  5992 | D:7      | Learned a level 1 spell: Foxfire
  6029 | D:7      | Identified the ring of Obleicag {rCorr Dex+2}
  6068 | Bailey   | Entered a bailey
  6182 | Bailey   | Noticed an orc knight
  6249 | Bailey   | Killed an orc knight
  6250 | Bailey   | Reached skill level 12 in Spellcasting
  6250 | Bailey   | Reached skill level 1 in Fire Magic
  6331 | Bailey   | Identified the +10 plate armour of Day {rCorr}
  6499 | Bailey   | Noticed an orc knight
  6503 | Bailey   | Killed an orc knight
  6504 | Bailey   | Reached XP level 10. HP: 54/54 MP: 25/28
  6811 | D:7      | Offered knowledge of Scorch by Vehumet.
  7105 | D:7      | Killed pokeman's ghost
  7106 | D:7      | Reached skill level 13 in Spellcasting
  7287 | D:8      | Reached ** piety under Vehumet
  7652 | D:8      | Found a burning altar of Makhleb.
  7753 | D:8      | Noticed a two-headed ogre
  7763 | D:8      | Killed a two-headed ogre
  7880 | D:8      | Found Vykhlo's Assorted Antiques.
  7906 | D:8      | Bought a scroll labelled MUVIACHAVUU for 27 gold pieces
  7906 | D:8      | Bought 2 inky potions for 48 gold pieces
  7906 | D:8      | Bought a scroll labelled CAGAXIN WENE for 27 gold pieces
  7906 | D:8      | Bought a scroll labelled GURIAH CUKIOH for 27 gold pieces
  7906 | D:8      | Bought a grey potion for 24 gold pieces
  7906 | D:8      | Bought a brown potion for 24 gold pieces
  7906 | D:8      | Bought a dark potion for 24 gold pieces
  8237 | D:9      | Found a white marble altar of Elyvilon.
  8868 | D:9      | Offered knowledge of Ignite Poison by Vehumet.
  9108 | D:9      | Reached skill level 14 in Spellcasting
  9218 | D:9      | Noticed a centaur warrior
  9221 | D:9      | Noticed a manticore
  9222 | D:9      | Killed a centaur warrior
  9222 | D:9      | Noticed a deep elf pyromancer
  9223 | D:9      | Reached XP level 11. HP: 53/60 MP: 31/31
  9223 | D:9      | Noticed a rakshasa
  9243 | D:9      | Killed a deep elf pyromancer
  9273 | D:9      | Killed a rakshasa
  9274 | D:9      | Reached skill level 5 in Fire Magic
  9562 | D:9      | Identified the +0 falchion of Qodomog {flame, Will+ Dex+3
                  | SInv}
  9638 | D:10     | Entered Level 10 of the Dungeon
  9675 | D:10     | Found a shimmering altar of Xom.
  9684 | D:9      | Reached *** piety under Vehumet
  9803 | D:10     | Noticed Fannar
 10343 | D:10     | Offered knowledge of Flame Wave by Vehumet.
 10356 | D:10     | Reached skill level 15 in Spellcasting
 10663 | D:10     | Found a shadowy altar of Dithmenos.
 10703 | D:10     | Found a snail-covered altar of Cheibriados.
 10953 | D:10     | Killed Fannar
 11200 | D:10     | Reached **** piety under Vehumet
 11326 | D:10     | Found Nenezypa's Magic Scroll Boutique.
 11334 | D:10     | Bought a scroll of identify for 26 gold pieces
 11334 | D:10     | Bought a scroll of identify for 26 gold pieces
 11334 | D:10     | Bought a scroll of noise for 13 gold pieces
 11375 | D:10     | Found a staircase to the Lair.
 11790 | D:11     | Learned a level 4 spell: Flame Wave
 11804 | D:11     | Offered knowledge of Inner Flame by Vehumet.
 12000 | D:11     | Reached XP level 12. HP: 66/66 MP: 29/33
 12483 | D:11     | Reached skill level 16 in Spellcasting
 13317 | D:12     | Noticed a two-headed ogre
 13320 | D:12     | Killed a two-headed ogre
 13584 | D:12     | Found a staircase to the Orcish Mines.
 14004 | D:12     | Identified a scroll of acquirement
 14005 | D:12     | Acquired 1029 gold pieces
 14476 | D:13     | Noticed a seven-headed hydra
 14482 | D:13     | Killed a seven-headed hydra
 14816 | D:13     | Noticed SecretSquirrel's ghost (journeyman TeBr)
 14817 | D:13     | Noticed a seven-headed hydra
 14818 | D:13     | Noticed a centaur warrior
 14818 | D:13     | Noticed a tengu warrior
 14818 | D:13     | Noticed a centaur warrior
 14818 | D:13     | Noticed a centaur warrior
 14819 | D:13     | Found a transporter.
 14819 | D:13     | Noticed a centaur warrior
 14819 | D:13     | Noticed a sphinx
 14827 | D:13     | Noticed a centaur warrior
 14834 | D:13     | Noticed a rakshasa
 14839 | D:13     | Reached skill level 10 in Conjurations
 15122 | D:13     | Killed a rakshasa
 15123 | D:13     | Reached skill level 17 in Spellcasting
 15179 | D:13     | Noticed a two-headed ogre
 15185 | D:13     | Killed a two-headed ogre
 15388 | D:13     | Found a transporter.
 15426 | D:13     | Noticed a death knight
 15493 | D:13     | Killed a centaur warrior
 15709 | D:13     | Killed a death knight
 15709 | D:13     | Reached ***** piety under Vehumet
 15887 | D:14     | Offered knowledge of Eringya's Noxious Bog by Vehumet.
 15887 | D:14     | Noticed a centaur warrior
 15889 | D:14     | Mangled by a white ugly thing

Illustrated notes

Levels and vault maps discovered:
D:1:      minmay_arrival_plants_in_alcoves, layout_basic,
          dreamdust_ecumenical_altar_grove, minmay_misc_feat_alley,
          palyth_stone_intersect, minivault_19, chequers_serial_rivers_small_b,
          chequers_serial_rivers_small_b
D:2:      layout_rooms, serial_shops, shop, serial_park_tiny_2,
          nicolae_grassy_gnolls
D:3:      layout_loops_ring, lemuel_crystal_altar, ebering_ghost_disaster_area,
          kennysheep_generic_room_8, uniq_grinder
D:4:      minmay_skewed_foursquare, layout_loops_ring, lemuel_round_altar,
          gup_sewer_entry_spiral, hangedman_decor_push
D:5:      layout_rooms, nicolae_overflow_hidden_temple,
          chequers_serial_rivers_micro_a
D:6:      layout_basic, minmay_temple_entry_drinking_statues
D:7:      layout_cave_pools, enter_bailey_8, ebering_ghost_reflecting_pool,
          serial_shops, nicolae_shop_temple_entry_statues_fountains,
          dreamdust_princess_bridge
D:8:      layout_gridville, general_overflow_altar, serial_shops,
          nicolae_stop_n_shop_1, wad_dig_loot
D:9:      minmay_the_grid_octo_triangle [minmay_the_grid_octo_thin_diamonds,
          minmay_the_grid_octo_prize_big_c,
          minmay_the_grid_octo_vomiting_pacman], layout_cave_pods,
          mainiacjoe_overflow_concentric_impassable
D:10:     layout_cave_pools, nicolae_dithmenos_shadow_blocks,
          xom_confusion_cloud, overflow_temple_1_default, erik_lair_island,
          serial_shops, nicolae_shop_crystal, item_on_display_a, uniq_fannar
D:11:     layout_roguey, nicolae_zig_zag_zippers
D:12:     layout_stronghold, minmay_orc_entry_guard_dogs
D:13:     layout_gridville, gammafunk_ghost_arena, corner_web_ring
D:14:     layout_cave_pools, skrybe_vaults_entry_preservation,
          nicolae_trove_entry_columns, minmay_fountain_box,
          ebering_ghost_reflecting_pool
Temple:   minmay_temple_curvy_loop

Skill      XL: |  1  2  3  4  5  6  7  8  9 10 11 12 |
---------------+-------------------------------------+-----
Spellcasting   | 5 6 7 8 10 12 14 15 17 | 17.4
Armour         | 1 3 4 |  4.1
Fighting       | 1 2 3 4 |  4.1
Conjurations   | 2 3 4 5 7 8 9 10 | 10.4
Dodging        | 3 |  3.0
Shields        | 1 3 4 |  4.7
Stealth        | 3 |  3.1
Air Magic      | 1 3 4 5 6 7 9 |  9.0
Poison Magic   | 1 |  1.3
Evocations     | 1 |  1.1
Fire Magic     | 2 4 6 7 |  7.8
Summonings     | |  1.1
Translocations | |  1.1

Action                     |  1- 3 |  4- 6 |  7- 9 | 10-12 || total
---------------------------+-------+-------+-------+-------++-------
  Melee: Dagger            |     6 |       |       |       ||     6
         Falchion          |       |       |       |    25 ||    25
         Punch             |       |       |       |     2 ||     2
   Fire: Arbalest          |       |    64 |   205 |    75 ||   344
   Cast: Magic Dart        |    90 |    78 |    31 |     5 ||   204
         Call Imp          |       |     2 |     1 |     5 ||     8
         Mephitic Cloud    |       |     5 |    39 |    66 ||   110
         Blink             |       |     1 |     2 |    12 ||    15
         Shock             |       |       |    47 |     9 ||    56
         Airstrike         |       |       |     2 |    97 ||    99
         Foxfire           |       |       |       |   301 ||   301
         Flame Wave        |       |       |       |    28 ||    28
  Evoke: Wand              |       |       |     5 |     2 ||     7
    Use: Scroll            |       |       |       |    15 ||    15
   Stab: Confused          |       |       |       |     4 ||     4
 Armour: Robe              |     8 |    43 |       |       ||    51
         Leather armour    |       |       |   137 |   142 ||   279
         Acid dragon scale |       |       |       |    66 ||    66
  Dodge: Dodged            |     2 |    48 |   126 |   139 ||   315
  Block: Other             |       |       |    11 |    54 ||    65
         Reflection        |       |       |       |     6 ||     6
         Buckler           |       |       |       |     1 ||     1

Table legend: (Time is in decaauts)
 A = Elapsed time spent in this place.
 B = Non-inter-level travel time spent in this place.
 C = Inter-level travel time spent in this place.
 D = Time resting spent in this place.
 E = Time spent auto-exploring this place.
 F = Levels seen in this place.
 G = Mean time per level.
                   A        B        C        D        E       F      G
               +--------+--------+--------+--------+--------+-----+--------+
         Total |  16285 |  15244 |   1041 |   1310 |  10410 |  17 |  957.9 |
       Dungeon |  15420 |  14383 |   1037 |   1257 |   9938 |  14 | 1101.4 |
        Temple |     35 |     32 |      3 |      0 |      0 |   1 |   35.0 |
         Sewer |    214 |    214 |      0 |      0 |    141 |   1 |  214.0 |
        Bailey |    615 |    615 |      0 |     53 |    331 |   1 |  615.0 |
               +--------+--------+--------+--------+--------+-----+--------+

Top non-repeatable levels by time:
     D:9: 2778 daAuts
    D:12: 1451 daAuts
    D:13: 1398 daAuts
     D:4: 1275 daAuts
     D:8: 1099 daAuts
     D:3: 1087 daAuts
    D:11: 1075 daAuts
     D:1: 1013 daAuts
     D:7: 928 daAuts
    D:10: 863 daAuts
     D:2: 847 daAuts
     D:5: 843 daAuts
     D:6: 731 daAuts
  Bailey: 615 daAuts
   Sewer: 214 daAuts
